 Dungeon Crawl Stone Soup version 0.20.0-4-g10b340a (webtiles) character file.

49 xgamer67 the Skirmisher (level 3, 0/33 HPs)
             Began as a Minotaur Venom Mage on May 27, 2017.
             Slain by an orc wizard
             ... wielding a +0 dagger
              (1 damage)
             ... on level 3 of the Dungeon.
             The game lasted 00:03:35 (1779 turns).

xgamer67 the Skirmisher (Minotaur Venom Mage)       Turns: 1779, Time: 00:03:36

Health: 0/33       AC:  5    Str: 13    XL:     3   Next: 53%
Magic:  4/4        EV: 11    Int: 12    God:
Gold:   45         SH:  0    Dex: 10    Spells: 3/4 levels left

rFire    . . .     SeeInvis .   l - +0 whip
rCold    . . .     Gourm    .   (no shield)
rNeg     . . .     Faith    .   p - +0 ring mail
rPois    .         Spirit   .   (helmet restricted)
rElec    .         Reflect  .   (no cloak)
rCorr    .         Harm     .   (no gloves)
MR       .....                  (no boots)
Stlth    +.........             (no amulet)
Regen    0.2/turn               (no ring)
MPRegen  0.1/turn               (no ring)

@: slowed, very slow
A: retaliatory headbutt, horns 2
a: no special abilities


You were on level 3 of the Dungeon.
You were near starving.

You visited 1 branch of the dungeon, and saw 3 of its levels.

You collected 45 gold pieces.

Inventory:

Hand Weapons
 e - a +0 club
 k - a +0 hunting sling
 l - a +0 whip (weapon)
Missiles
 d - 7 needles of confusion
 j - 10 stones (quivered)
Armour
 a - a +0 robe
 p - a +0 ring mail (worn)
Scrolls
 f - a scroll of identify {unknown}
 m - a scroll of immolation {unknown}
 n - a scroll of recharging {unknown}
 o - a scroll of enchant armour {unknown}
Potions
 g - a potion of agility {unknown}
 i - a potion of magic {unknown}
Books
 b - a Young Poisoner's Handbook

   Spells                             Type                      Level
   a - Sting                          Conjuration/Poison           1
   b - Poisonous Vapours              Poison/Air                   2
   c - Mephitic Cloud                 Conjuration/Poison/Air       3
   d - Olgreb's Toxic Radiance        Poison                       4
   e - Venom Bolt                     Conjuration/Poison           5
Comestibles
 c - 2 bread rations
 h - 4 fruits


   Skills:
 + Level 3.9 Fighting
 - Level 2.1 Dodging
 - Level 1.5 Stealth
 - Level 1.3 Spellcasting
 - Level 0.6 Conjurations
 - Level 2.1 Poison Magic


You had 3 spell levels left.
You knew the following spells:

 Your Spells              Type           Power        Failure   Level  Hunger
a - Sting                 Conj/Pois      #...         36%         1    ##.....


Dungeon Overview and Level Annotations

Branches:
Dungeon (3/15)

Altars:


Innate Abilities, Weirdness & Mutations

You reflexively headbutt those who attack you in melee.
You have a pair of horns on your head.


Message History

You feel yourself slow down.
You hit the orc wizard but do no damage.
Your headbutt misses the orc wizard.
The orc wizard is lightly wounded.
The orc wizard hits you but does no damage.
The orc wizard casts a spell at you. The magic dart hits you!
* * * LOW HITPOINT WARNING * * *
You barely miss the orc wizard.
The orc wizard is lightly wounded.
The orc wizard hits you but does no damage.
The orc wizard closely misses you.
The orc wizard hits you but does no damage.
You hit the orc wizard but do no damage.
The orc wizard is lightly wounded.
The orc wizard points at you and mumbles some strange words.
The magic dart hits you!
* * * LOW HITPOINT WARNING * * *
The orc wizard hits you with a dagger.
You die...

# .#
######.##.#
#...@o....#
#.#####.###
#.# #.#
####o#
#....#
+....#
#...##
.....#


You could see an orc wizard.

Vanquished Creatures
  A worm (D:2)
  A dart slug (D:1)
  A leopard gecko (D:1)
  3 orcs (D:3)
  5 bats (D:1)
  2 giant cockroaches (D:1)
  8 goblins
  3 hobgoblins
  3 jackals (D:2)
  6 kobolds
  A frilled lizard (D:2)
  A rat (D:1)
35 creatures vanquished.

Notes
Turn   | Place    | Note
-------+----------+-------------------------------------------
     0 | D:1      | xgamer67 the Minotaur Venom Mage began the quest for the Orb.
     0 | D:1      | Reached XP level 1. HP: 14/14 MP: 1/1
    12 | D:1      | Reached skill level 1 in Fighting
   108 | D:1      | Reached skill level 2 in Fighting
   116 | D:1      | Reached XP level 2. HP: 23/24 MP: 3/3
   631 | D:1      | Reached skill level 3 in Fighting
  1021 | D:2      | Reached XP level 3. HP: 28/31 MP: 4/4
  1779 | D:3      | HP: 1/33 [orc wizard/magic dart (5)]
  1779 | D:3      | Slain by an orc wizard

Skill      XL: |  1  2 |
---------------+-------+-----
Fighting       | 2 3 |  3.9
Dodging        | |  2.1
Stealth        | |  1.5
Spellcasting   | |  1.3
Conjurations   | |  0.6
Poison Magic   | |  2.1

Action                   || total
-------------------------++-------
Melee: Unarmed           ||    20
       Headbutt          ||    15
       Club              ||    34
       Whip              ||    48
  Eat: Chunk             ||     1
Armor: Robe              ||    20
       Ring mail         ||     5
Dodge: Dodged            ||    91
